 Dungeon Crawl Stone Soup version 0.14-a0-1546-g4b4961f (webtiles) character file.

242 M4edhros the Poker (level 5, -10/37 HPs)
             Began as an Octopode Chaos Knight on Dec 18, 2013.
             Was a Believer of Jiyva.
             Shot with an arrow by a centaur (11 damage)
             ... on Level 3 of the Dungeon.
             The game lasted 00:03:01 (1958 turns).

M4edhros the Poker (Octopode Chaos Knight)          Turns: 1958, Time: 00:03:02

HP -10/37        AC  1     Str 16      XL: 5   Next:  3%
MP   5/5         EV 13     Int 15      God: Jiyva [**....]
Gold 123         SH  0     Dex 14      Spells:  0 memorised,  4 levels left

rFire  . . .     SeeInvis .     a - +0 spear (chaos)
rCold  . . .     Clarity  .     (no shield)
rNeg   . . .     Conserve .     k - +0 wizard hat
rPois  .         rCorr    .     (no amulet)
rElec  .         rRot     .     h - cursed +2 ring of dexterity
SustAb . .       Spirit   .     q - ring of invisibility
rMut   .         Warding  .     (no ring)
Saprov . . .     Stasis   .     (no ring)
                                (no ring)
                                (no ring)
                                (no ring)
                                (no ring)

@: invisible, mighty, very slightly contaminated, slightly resistant to hostile
enchantments, quite stealthy
A: almost no armour, amphibious, 8 rings, constrict 8, camouflage 1, gelatinous
body 1
a: Request Jelly, Jelly Paralyse, Renounce Religion


You were on level 3 of the Dungeon.
You worshipped Jiyva.
Jiyva was pleased with you.
You were not hungry.

You visited 1 branch of the dungeon, and saw 3 of its levels.

You collected 123 gold pieces.

Inventory:

Hand weapons
 a - a +0,+0 spear of chaos (weapon)
Armour
 k - a +0 wizard hat (worn)
Comestibles
 c - a bread ration
 g - an orange
Scrolls
 b - 2 scrolls of enchant weapon I {unknown}
 d - a scroll of identify {unknown}
 e - a scroll of amnesia {unknown}
 f - a scroll of enchant armour {unknown}
 i - 4 scrolls of remove curse {unknown}
 j - a scroll of enchant weapon II {unknown}
 l - a scroll of blinking {unknown}
 m - a scroll of immolation {unknown}
 n - a scroll of fear {unknown}
Jewellery
 h - a cursed +2 ring of dexterity (left tentacle)
 q - a ring of invisibility (right tentacle)


   Skills:
 + Level 3.7 Fighting
 * Level 4.3 Polearms
 + Level 3.3 Dodging
 + Level 0.0 Stealth
 + Level 0.0 Evocations


You had 4 spell levels left.
You didn't know any spells.

Dungeon Overview and Level Annotations

Branches:
Dungeon (3/16)

Altars:
Jiyva


Innate Abilities, Weirdness & Mutations

You cannot wear most types of armour.
You are amphibious.
You can wear up to eight rings at the same time.
You can use your tentacles to constrict many enemies at once.
Your skin changes colour to match your surroundings (Stlth).
Your rubbery body absorbs attacks (AC +1).


Message History

You hit the centaur but do no damage. The centaur misses you.
The centaur wields an uncursed bow.
The centaur shoots an arrow.
The arrow hits you!
You hear a splash.
The centaur barely misses you.
Drink which item? (? for menu, Esc to quit)
You feel very mighty all of a sudden.
It was a potion of might.
The centaur hits you!
* * * LOW HITPOINT WARNING * * *
You hear a distant slurping noise.
Drink which item? (? for menu, Esc to quit)
You fade into invisibility!
It was a potion of invisibility.
The centaur misses you.
The centaur shoots an arrow.
The arrow misses you.
The arrow hits the centaur.
The centaur hits you.
* * * LOW HITPOINT WARNING * * *
You are very lightly contaminated with residual magic.
The centaur misses you.
The centaur shoots an arrow.
The arrow hits you!
You die...
Xom thinks this is hilarious!

.≈≈≈≈≈≈≈≈≈ ...≈≈≈≈≈≈≈≈≈≈
#..≈≈≈≈≈≈≈≈≈≈≈
#..≈≈≈≈≈≈≈≈≈≈≈≈
#..≈≈≈≈≈≈≈≈≈≈≈≈
#..≈≈≈≈≈...≈≈≈≈
####..≈≈≈≈≈...≈≈≈≈≈ ##
....(..≈≈≈≈(c..≈≈≈≈≈ .#
# .###.≈≈(≈@≈≈≈≈≈≈≈≈
.#.# .. #(≈≈≈≈≈≈≈≈≈≈≈≈≈
.#.# #.# #(≈≈≈≈≈≈≈≈≈≈≈≈
##.# #.# #.≈≈≈≈≈≈≈≈≈≈≈≈
...####.###.c≈≈≈≈≈≈≈≈≈≈≈
.......................
.######.....########..
.#### #.....#########
....# #..............


You could see 2 centaurs.

Vanquished Creatures
  5 adders
  2 giant mites (D:1)
  2 worms (D:2)
  5 oozes
  An orc (D:3)
  3 giant cockroaches
  2 hobgoblins
  3 jackals (D:1)
  5 kobolds
  10 bats
  3 giant newts
  A goblin (D:1)
  4 rats
46 creatures vanquished.

Vanquished Creatures (others)
  An adder (D:2)
  2 giant geckos (D:2)
  A hobgoblin (D:1)
  A giant newt (D:2)
  2 rats (D:2)
7 creatures vanquished.

Grand Total: 53 creatures vanquished

Notes
Turn   | Place    | Note
--------------------------------------------------------------
     0 | D:1      | M4edhros, the Octopode Chaos Knight, began the quest for the Orb.
     0 | D:1      | Reached XP level 1. HP: 16/16 MP: 1/1
    41 | D:1      | Reached XP level 2. HP: 21/21 MP: 2/2
    88 | D:1      | XOM: harmless Hex miscast
   230 | D:1      | Reached XP level 3. HP: 26/26 MP: 3/3
   273 | D:1      | XOM: divination: magic mapping
   637 | D:1      | You fall through a shaft!
   724 | D:2      | XOM: divination: magic mapping
   809 | D:2      | Found a viscous altar of Jiyva.
   865 | D:2      | XOM: harmless Fire miscast
   867 | D:2      | Fell from the grace of Xom
   867 | D:2      | Became a worshipper of Jiyva Jitoeghu the Shapeless
   915 | D:2      | Reached skill level 4 in Polearms
   915 | D:2      | Reached XP level 4. HP: 29/31 MP: 4/4
   999 | D:2      | Acquired Jiyva's first power
  1855 | D:3      | Reached XP level 5. HP: 31/37 MP: 5/5
  1930 | D:3      | Acquired Jiyva's second power
  1947 | D:3      | Noticed a centaur
  1947 | D:3      | Noticed a centaur
  1957 | D:3      | HP: 1/37 [centaur (6)]
  1958 | D:3      | Shot with an arrow by a centaur

Action                   |  1- 3 |  4- 6 || total
-------------------------+-------+-------++-------
Melee: Spear             |    85 |    47 ||   132
Invok: Request Jelly     |       |     1 ||     1
  Use: Potion            |       |     2 ||     2
 Stab: Sleeping          |     1 |     4 ||     5
       Paralysed         |       |     3 ||     3
       Distracted        |       |     1 ||     1
